 Seeded DCSS version 0.29-a0-555-g3b24f45cc1 (webtiles) character file.

Game seed: 5197682552777129174 (custom seed)

50 happo123 the Vexing (level 3, 0/20 HPs)
             Began as a Vampire Enchanter on June 8, 2022.
             Slain by a goblin
             ... wielding a +0 club
             ... led by Robin
              (5 damage)
             ... on level 3 of the Dungeon.
             The game lasted 00:07:10 (1815 turns).

happo123 the Vexing (Vampire Enchanter)             Turns: 1815, Time: 00:07:10

Health: 0/20       AC:  3    Str:  7    XL:     3   Next: 55%
Magic:  1/6        EV: 12    Int: 19    God:
Gold:   113        SH:  0    Dex: 14    Spells: 1/6 levels left

rFire   . . .      SeeInvis +   a - +1 dagger
rCold   + + .      Faith    .   g - orb {guile}
rNeg    + + +      Spirit   .   b - +0 robe
rPois   ∞          Reflect  .   (no helmet)
rElec   .          Harm     .   (no cloak)
rCorr   .          Rampage  .   n - +0 pair of gloves
Will    .....                   (no boots)
Stlth   +++++.....              h - amulet of magic regeneration
HPRegen 0.00/turn               (no ring)
MPRegen 0.50/turn               (no ring)

@: bloodless, inhibited regen
A: bloodless, fangs 3, see invisible, vampiric 2
a: Bat Form, Revivify


You were on level 3 of the Dungeon.
You visited 1 branch of the dungeon, and saw 3 of its levels.

You collected 113 gold pieces.

Inventory:

Hand Weapons
 a - a +1 dagger (weapon)
Armour
 b - a +0 robe (worn)
 g - an orb of guile (worn)
 n - a +0 pair of gloves (worn)
Jewellery
 h - an amulet of magic regeneration (around neck)
 j - a ring of flight
Scrolls
 d - 2 scrolls of teleportation {unknown}
 f - 3 scrolls of identify {unknown}
 i - a scroll of blinking {unknown}
 l - a scroll of enchant weapon {unknown}
 p - a scroll of fear {unknown}
 q - a scroll of fog {unknown}
 r - a scroll of vulnerability {unknown}
Potions
 c - 3 potions of invisibility
 e - a potion of flight {unknown}
 k - a potion of resistance {unknown}
 m - 2 potions of lignification {unknown}
 o - 2 potions of heal wounds {unknown}


   Skills:
 + Level 0.9 Fighting
 + Level 1.5 Short Blades
 + Level 2.5 Dodging
 + Level 4.8 Stealth
 + Level 2.3 Spellcasting
 * Level 5.2 Hexes
 + Level 0.1 Ice Magic


You had one spell level left.
You knew the following spells:

 Your Spells              Type           Power      Damage    Failure   Level
a - Ensorcelled Hibernat  Hex/Ice        24%        N/A       9%          2
b - Confusing Touch       Hex            22%        N/A       6%          3

Your spell library contained the following spells:

 Spells                   Type           Power      Damage    Failure   Level
 Tukima's Dance           Hex            22%        N/A       6%          3
 Dazzling Flash           Conj/Hex       24%        N/A       17%         3


Dungeon Overview and Level Annotations

Branches:
Dungeon (3/15)

Altars:

Shops:
D:2 =

Annotations:
D:3 1 runed translucent door, Robin


Innate Abilities, Weirdness & Mutations

You do not regenerate when monsters are visible.
You are frail without blood (-20% HP).
You can heal yourself when you bite living creatures.
You are immune to poison.
You have razor-sharp teeth.
You have supernaturally acute eyesight. (SInv)
You are afflicted with vampirism and can become a bat while bloodless.


Message History

The goblin looks drowsy...
The goblin barely misses you.
The helpless goblin fails to defend itself.
You bite the goblin, and draw its blood!
You feel better.
You impale the goblin!!
You kill the goblin!
The goblin hits you with a +0 club.
Aiming: Ensorcelled Hibernation (safe; 9% risk of failure)
Press: ? - help, Q - select action Shift-Dir - straight line, f - hobgoblin
Aim: a hobgoblin (strong, chance to affect: 63%)
The hobgoblin resists with significant effort.
The goblin hits you but does no damage. The hobgoblin hits you.
Aiming: Ensorcelled Hibernation (safe; 9% risk of failure)
Press: ? - help, Q - select action Shift-Dir - straight line, f - goblin, p - hobgoblin
Aim: a goblin, wielding a +0 club (strong, chance to affect: 63%)
The goblin resists with significant effort.
The goblin barely misses you. The hobgoblin closely misses you.
You hit the goblin. Your bite misses the goblin.
The goblin is severely wounded.
The goblin misses you. The hobgoblin barely misses you.
You hit the goblin.
You kill the goblin!
Robin throws the goblin at you! The hobgoblin closely misses you.
You don't have enough magic to cast this spell.
You miss the goblin. The hobgoblin misses you.
The goblin hits you with a +0 club.
Aiming: Ensorcelled Hibernation (safe; 9% risk of failure)
Press: ? - help, Q - select action Shift-Dir - straight line, f - goblin
Aim: a goblin, wielding a +0 club (strong, chance to affect: 63%)
The goblin resists with significant effort.
The goblin hits you with a +0 club. The hobgoblin misses you.
You hit the goblin.
The goblin is severely wounded.
The goblin hits you with a +0 club.
* * * LOW HITPOINT WARNING * * *
The hobgoblin closely misses you.
You closely miss the goblin.
The goblin is severely wounded.
The hobgoblin misses you. The goblin hits you with a +0 club.
You die...

#####.##..♣♣♣...♣♣♣..
...#.##.♣# #♣.♣#
#####.#.##.♣ ♣.♣
...........♣# #♣.♣
.##.#$......♣♣♣.♣.♣♣♣
......#.#......♣♣♣..
#.#.#..$#.?.♣♣♣.♣.♣♣♣
...........♣# #♣g♣
#.......[..♣ ♣@♣
#...#.#....♣ ♣g♣
#...#...#...♣


ggg ....#...#.... ..ggg ....#...# .......... ....##+## .##.###### ....#.≈.# #.
....# #. ....# You could see Robin, 3 hobgoblins and 4 goblins.

Vanquished Creatures
  3 adders
  A dart slug (D:2)
  2 endoplasms
  A giant cockroach (D:1)
  4 goblins
  A hobgoblin (D:2)
  2 quokkas
  3 frilled lizards
  2 kobolds (D:2)
  3 rats
22 creatures vanquished.

Notes
Turn   | Place    | Note
-------+----------+-------------------------------------------
     0 | D:1      | happo123 the Vampire Enchanter began the quest for the Orb.
     0 | D:1      | Reached XP level 1. HP: 13/13 MP: 3/3
   631 | D:2      | Reached XP level 2. HP: 12/18 MP: 5/5
   634 | D:2      | Learned a level 2 spell: Ensorcelled Hibernation
   683 | D:2      | Found Joajunuw's Jewellery Shoppe.
  1042 | D:2      | Reached skill level 5 in Hexes
  1266 | D:2      | Gained mutation: You are afflicted with vampirism and can
                  | become a bat while bloodless. [Vampire growth]
  1266 | D:2      | Reached XP level 3. HP: 17/17 MP: 6/6
  1270 | D:2      | Learned a level 3 spell: Confusing Touch
  1774 | D:3      | Found a runed translucent door.
  1801 | D:3      | Noticed Robin
  1815 | D:3      | Slain by a goblin

Illustrated notes

Levels and vault maps discovered:
D:1:      dpeg_arrival_oval, layout_basic, chequers_serial_rivers_micro_c
D:2:      layout_basic, serial_shops,
          nicolae_shop_temple_entry_statues_fountains
D:3:      layout_basic, nicolae_vehumet_radiance,
          nicolae_yredelemnul_corpse_copse, ebering_ghost_reflecting_pool,
          dreamdust_ecumenical_altar_angels_and_demons,
          minmay_stone_trees_medium, uniq_robin

Skill      XL: |  1  2 |
---------------+-------+-----
Hexes          | 5 |  5.2
Fighting       | |  0.9
Short Blades   | |  1.5
Dodging        | |  2.5
Stealth        | |  4.8
Spellcasting   | |  2.3
Ice Magic      | |  0.1

Action                   || total
-------------------------++-------
Melee: Dagger            ||    58
       Bite              ||     4
 Cast: Ensorcelled Hiber ||    15
 Abil: Exsanguinate      ||     2
       Revivify          ||     1
 Stab: Sleeping          ||    15
Armor: Robe              ||     3
Dodge: Dodged            ||    38

Table legend: (Time is in decaauts)
 A = Elapsed time spent in this place.
 B = Non-inter-level travel time spent in this place.
 C = Inter-level travel time spent in this place.
 D = Time resting spent in this place.
 E = Time spent auto-exploring this place.
 F = Levels seen in this place.
 G = Mean time per level.
                   A        B        C        D        E       F      G
               +--------+--------+--------+--------+--------+-----+--------+
         Total |   1809 |   1703 |    106 |      0 |   1429 |   3 |  603.0 |
       Dungeon |   1809 |   1703 |    106 |      0 |   1429 |   3 |  603.0 |
               +--------+--------+--------+--------+--------+-----+--------+

Top non-repeatable levels by time:
     D:2: 1161 daAuts
     D:1: 572 daAuts
     D:3: 75 daAuts
